Map: Frozen Temple

Players

Traveller

  • Race: Terran Terran
  • League: Master

Nitix - Winner!

  • Race: Zerg Zerg
  • League: Master

VOD

Have the link to the VOD?

Description

Time

  • Played on: April 25, 2016, 1:52 p.m.
  • Length: 17:45
Show
View Real Time Build Order
Export as new Build Order

Traveller Terran 

Build Orders: Reaper Expand, Bio Tank 

Get SALT Encoding   

  12  0:00  SCV  
  13  0:12  SCV  
  14  0:17  Supply Depot  
  14  0:26  SCV  
  15  0:39  SCV  
  15  0:41  Barracks  
  16  0:47  Refinery  
  16  0:51  SCV  
  17  1:03  SCV  
  18  1:15  SCV  
  19  1:28  Orbital Command  
  19  1:29  Reaper  
  20  1:41  Command Center  
  20  1:53  SCV  
  21  1:58  Supply Depot  
  21  2:01  Marine  
  21  2:05  SCV  
  23  2:10  Refinery  
  23  2:20  SCV  
  23  2:22  Factory  
  24  2:32  SCV  
  25  2:44  SCV  
  25  2:47  Barracks Reactor  
  26  2:53  Orbital Command  
  26  2:56  SCV  
  27  3:07  Factory Tech Lab, Starport  
  27  3:08  SCV  
  29  3:20  SCV x2  
  29  3:26  Siege Tank, Command Center  
  33  3:38  SCV  
  34  3:42  Marine x2  
  34  3:43  SCV  
  34  3:44  Medivac  
  39  3:50  SCV  
  39  3:52  Supply Depot  
  41  3:55  SCV  
  41  3:59  Refinery  
  41  4:00  Siege Tank  
  41  4:01  Marine  
  41  4:02  Marine  
  46  4:14  SCV x2  
  48  4:21  Marine x2  
  48  4:22  Medivac  
  52  4:26  SCV x2  
  52  4:27  Supply Depot  
  54  4:38  SCV x2, Siege Tank  
  59  4:39  Orbital Command  
  59  4:44  Marine x2  
  61  4:50  SCV x2  
  63  5:02  SCV x2  
  63  5:05  SCV  
  66  5:10  Refinery  
  66  5:11  Supply Depot  
  66  5:14  SCV x2, Engineering Bay  
  66  5:16  Engineering Bay  
  66  5:19  SCV  
  69  5:26  SCV  
  70  5:28  Barracks  
  70  5:30  Barracks  
  70  5:31  Factory Reactor  
  70  5:37  SCV  
  70  5:42  Orbital Command, Marine x2  
  73  5:46  Starport Reactor  
  73  5:49  SCV  
  74  5:51  SCV  
  74  5:52  Terran Infantry Armor Level 1, Terran Infantry Weapons Level 1  
  75  5:58  Barracks  
  75  5:59  Barracks  
  75  6:01  SCV  
  76  6:10  Marine x2  
  77  6:13  SCV  
  77  6:16  Supply Depot  
  78  6:19  SCV x2  
  78  6:23  Supply Depot x2  
  78  6:24  Factory Tech Lab  
  78  6:25  SCV  
  81  6:26  Medivac x2  
  81  6:29  Armory  
  85  6:36  Supply Depot  
  85  6:37  Stimpack, SCV x2, Marine x5  
  92  6:46  SCV  
  93  6:47  Missile Turret  
  93  6:49  Missile Turret  
  93  6:50  Barracks Reactor x2  
  93  6:53  Missile Turret  
  93  6:55  Missile Turret, Marine x2  
  93  6:56  SCV  
  93  6:59  SCV  
  96  7:06  Marine x3  
  96  7:07  Medivac, Siege Tank  
  101  7:08  SCV  
  101  7:10  SCV  
  101  7:12  SCV  
  104  7:19  Marine x2  
  104  7:21  SCV  
  108  7:22  SCV  
  108  7:23  Marine  
  108  7:24  Marine  
  108  7:26  SCV  
  108  7:27  Supply Depot  
  108  7:29  Marine x3  
  114  7:42  SCV, Marine x2  
  117  7:45  SCV  
  117  7:48  Terran Infantry Weapons Level 2, Supply Depot x2, Siege Tank, Marine  
  117  7:49  Terran Infantry Armor Level 2  
  121  7:52  Liberator x2  
  121  7:54  SCV  
  122  8:00  SCV, Marine x2  
  125  8:08  Refinery  
  125  8:09  Refinery, Marine x2  
  125  8:10  SCV, Marine x2  
  136  8:13  Supply Depot  
  136  8:18  Marine x2  
  136  8:19  SCV, Marine  
  140  8:29  Supply Depot  
  140  8:31  Marine x2  
  141  8:34  Terran Ship Weapons Level 1, Marine x2  
  141  8:35  Siege Tank  
  141  8:37  Liberator  
  141  8:38  Combat Shields  
  141  8:41  SCV  
  146  8:42  Marine  
  146  8:43  Supply Depot, Marine x2  
  146  8:46  Command Center  
  146  8:47  Liberator  
  149  8:50  Marine  
  149  8:52  Marine x2  
  149  8:53  Marine  
  149  8:55  Marine  
  157  9:04  SCV, Marine  
  157  9:06  Supply Depot  
  162  9:12  Supply Depot, SCV  
  162  9:13  Supply Depot  
  162  9:14  Supply Depot, Marine x2  
  162  9:15  Supply Depot  
  165  9:22  Supply Depot x3  
  165  9:24  Marine x2  
  165  9:25  SCV, Marine x2  
  165  9:29  SCV  
  165  9:30  SCV  
  166  9:34  Marine x2  
  168  9:38  Liberator  
  168  9:39  Liberator, SCV  
  168  9:41  Marine x2  
  168  9:43  Marine  
  168  9:44  SCV, Siege Tank  
  176  9:48  Supply Depot  
  176  9:52  Marine x3  
  179  9:56  SCV, Marine  
  185  10:07  Marine x2  
  185  10:09  Marine x2  
  185  10:10  SCV  
  182  10:20  SCV x2  
  179  10:21  Liberator x2  
  179  10:22  Marine x2  
  179  10:24  Marine  
  179  10:25  Marine x2  
  179  10:26  Siege Tank  
  187  10:29  Terran Infantry Armor Level 3  
  193  10:45  Orbital Command  
  193  10:51  Terran Infantry Weapons Level 3  
  193  10:58  Marine x2  
  193  11:03  Barracks x2  
  195  11:04  Liberator  
  195  11:07  Barracks  
  195  11:24  Marauder, Starport  
  195  11:25  Starport  
  197  11:27  SCV  
  197  11:28  SCV  
  190  11:49  Liberator x2  
  190  11:51  Marine  
  190  11:52  Marine  
  190  11:53  Marine x2  
  191  12:00  Marine  
  177  12:05  Marine  
  177  12:06  Marine  
  168  12:11  Marine x3  
  168  12:12  Marine x2  
  168  12:15  Marine  
  173  12:18  SCV, Marine  
  173  12:19  SCV  
  173  12:23  Marine x2  
  173  12:25  Orbital Command  
  172  12:30  SCV, Marine  
  172  12:31  SCV, Marine x4  
  172  12:35  Liberator x2, Barracks Tech Lab  
  172  12:36  Liberator, Barracks Tech Lab x2  
  176  12:42  SCV  
  176  12:43  Marine  
  178  12:54  SCV  
  188  12:58  Command Center  
  188  13:21  Marine  
  188  13:25  Supply Depot  
  188  13:27  Liberator x3, Supply Depot  
  189  13:35  Marine  
  143  13:42  Marine x3  
  143  13:43  Marine x2  
  143  13:44  Marine  
  143  13:45  Marauder  
  143  13:46  SCV  
  139  13:58  Marine  
  139  13:59  Marine x2  
  139  14:00  Marine x2  
  139  14:02  Marine x2  
  97  14:06  Marine  
  97  14:08  Marine  
  97  14:09  Liberator, Marine  
  94  14:10  Liberator, Marine  
  94  14:12  Marine  
  94  14:16  Marine  
  94  14:17  Marine  
  87  14:20  Liberator  
  75  14:24  Marine x2  
  75  14:26  Marine x4  
  75  14:27  Marine  
  75  14:28  Marine  
  85  14:36  Marine x3  
  89  14:42  Marine x2  
  89  14:44  Marine x3  
  94  14:51  Planetary Fortress  
  94  14:52  Liberator  
  94  14:54  Marine  
  94  14:55  Marine  
  96  15:01  SCV x3  
  99  15:10  Medivac  
  105  15:16  SCV  
  105  15:18  Marauder x3  
  105  15:19  Marauder  
  105  15:20  Medivac, SCV  
  117  15:27  Marine x2  
  117  15:28  Marine  
  119  15:32  Marine x2  
  119  15:33  Marine  
  119  15:35  SCV  
  123  15:40  Liberator x2, Marauder x2  
  127  15:43  SCV  
  127  15:49  Marine x4  
  131  15:50  Orbital Command  
  129  15:58  Marauder, Marine x2  
  129  15:59  SCV  
  140  16:12  Marine x2  
  140  16:13  Marauder x2  
  142  16:30  Marine  
  142  16:31  Marauder, Marine  
  142  16:32  Cyclone  
  136  16:43  SCV x2  
  131  17:00  SCV  
  129  17:06  SCV  
  129  17:07  Refinery  
  129  17:08  Refinery  
  127  17:14  SCV x2  
  127  17:15  Marine x2  
  134  17:16  Refinery  
  123  17:27  Marine  
Show
View Real Time Build Order
Export as new Build Order

Nitix Zerg - Winner!

Build Orders: Hatch First, Muta Ling Bane, Swarm Host 

Get SALT Encoding   

  12  0:00  Drone  
  13  0:12  Overlord  
  13  0:17  Drone  
  14  0:30  Drone x2  
  14  0:34  Drone  
  17  0:45  Drone  
  18  0:56  Hatchery  
  17  1:00  Drone  
  18  1:12  Spawning Pool  
  18  1:14  Extractor  
  18  1:17  Drone  
  17  1:20  Drone  
  18  1:28  Drone  
  19  1:38  Overlord  
  19  1:59  Queen, Zergling x2  
  19  2:00  Zergling x2  
  23  2:08  Queen  
  23  2:11  Drone x2  
  23  2:14  Metabolic Boost  
  27  2:20  Drone  
  27  2:21  Drone  
  29  2:31  Drone  
  29  2:33  Drone  
  31  2:43  Queen  
  32  2:52  Drone x2  
  32  2:53  Overlord  
  32  2:54  Drone  
  35  3:15  Drone  
  35  3:16  Drone x5  
  40  3:25  Overlord  
  39  3:29  Drone x3  
  42  3:38  Hatchery  
  41  3:46  Overlord  
  41  3:52  Extractor  
  41  3:53  Extractor  
  41  3:54  Drone  
  41  3:55  Drone x8  
  48  4:01  Overlord  
  48  4:10  Evolution Chamber  
  48  4:12  Evolution Chamber  
  48  4:13  Roach Warren  
  45  4:19  Drone  
  45  4:20  Drone x2  
  47  4:26  Drone x4  
  47  4:29  Overlord  
  47  4:31  Drone x2  
  53  4:37  Zerg Ground Armor Level 1, Zerg Melee Weapons Level 1  
  53  4:41  Lair  
  53  4:43  Drone x2  
  55  4:48  Zergling x2  
  55  4:49  Zergling x2  
  55  4:52  Zergling x8  
  61  4:58  Zergling x8  
  65  5:04  Zergling x2  
  65  5:05  Zergling x2  
  67  5:12  Zergling x4  
  64  5:29  Roach x8  
  76  5:38  Roach x2, Zergling x6  
  76  5:39  Overlord  
  82  5:43  Spire  
  82  5:49  Zergling x2  
  82  6:00  Drone  
  82  6:01  Drone x7  
  88  6:10  Roach  
  89  6:12  Ravager  
  89  6:13  Overlord  
  89  6:14  Overlord x2  
  90  6:19  Extractor  
  90  6:20  Extractor  
  90  6:22  Baneling Nest  
  90  6:23  Extractor  
  90  6:25  Roach  
  88  6:26  Ravager  
  88  6:27  Ravager  
  90  6:33  Pneumatized Carapace  
  90  6:36  Drone x9  
  99  6:45  Hatchery  
  98  7:15  Roach x3, Zergling x8  
  105  7:16  Mutalisk x2, Roach x3, Zergling x4  
  105  7:18  Overlord x5  
  114  7:26  Zerg Melee Weapons Level 2  
  110  7:46  Zergling x14  
  110  7:48  Centrifical Hooks  
  110  7:51  Zerg Ground Armor Level 2  
  116  7:52  Zerg Flyer Weapons Level 1  
  116  8:07  Zergling x2  
  116  8:08  Zergling x24  
  116  8:11  Queen  
  131  8:15  Ravager x2  
  131  8:16  Ravager x3  
  132  8:24  Baneling x7  
  130  8:35  Drone x8  
  138  8:41  Corruptor  
  138  8:42  Corruptor x2  
  138  8:43  Zergling x2  
  138  8:44  Zergling x18  
  154  8:56  Extractor  
  154  8:57  Extractor  
  154  8:59  Overlord x4  
  152  9:02  Baneling  
  152  9:03  Baneling x7  
  152  9:18  Corruptor x4  
  152  9:20  Zergling x22  
  167  9:38  Zergling x20  
  170  9:45  Drone x7  
  181  9:49  Zerg Flyer Weapons Level 2  
  184  9:55  Overlord x2  
  184  9:56  Zergling x4  
  184  9:59  Infestation Pit  
  158  10:33  Baneling x5  
  158  10:34  Baneling x12  
  158  10:36  Corruptor  
  158  10:37  Corruptor x4, Zergling x2  
  158  10:38  Zergling x28  
  158  10:39  Overseer  
  183  11:02  Pathogen Glands, Hive  
  183  11:05  Baneling x5  
  183  11:06  Baneling  
  181  11:29  Baneling x8  
  181  11:30  Baneling x13  
  180  11:34  Zergling x2  
  180  11:35  Zergling x38  
  200  11:41  Burrow  
  187  12:12  Corruptor x6  
  196  12:20  Drone  
  196  12:21  Drone x4  
  193  12:31  Ultralisk Cavern  
  187  12:39  Zerg Ground Armor Level 3, Zerg Melee Weapons Level 3  
  187  12:40  Adrenal Glands  
  187  12:43  Greater Spire  
  185  13:03  Hatchery  
  185  13:05  Drone x3  
  181  13:18  Swarm Host  
  181  13:19  Swarm Host x3  
  179  13:21  Chitinous Plating  
  179  13:23  Swarm Host x3  
  157  13:43  Zergling x14  
  157  13:44  Zergling x14  
  140  14:11  Ultralisk x3  
  148  14:25  Zergling x14  
  148  14:26  Zergling x4  
  149  14:52  Drone x4  
  153  14:53  Drone x3  
  153  14:55  Baneling x10  
  153  14:56  Baneling x3  
  156  15:01  Brood Lord  
  156  15:02  Brood Lord  
  156  15:03  Brood Lord  
  156  15:06  Brood Lord  
  164  15:21  Infestor x3  
  164  15:22  Infestor x2  
  174  15:35  Corruptor  
  174  15:36  Corruptor x2  
  174  15:38  Corruptor  
  159  16:32  Zergling x28  
  148  16:47  Queen  
  148  16:49  Spore Crawler  
  145  17:08  Drone x7  
  145  17:12  Hatchery  
Tags
 
Add a new tag
Caveats
  • Supply blocks, unpowered buildings, or Contaminate may cause inaccurate times.
  • Supply counts are checked every 10 seconds.